 Dungeon Crawl Stone Soup version 0.31.0-9-g3a7656b989 (webtiles) character file.

Game seed: 12833240468139512579

159 qw the Skirmisher (level 5, -1/29 HPs)
             Began as a Deep Elf Hunter on Feb 3, 2024.
             Slain by an orc priest
             ... wielding a +0 flail
              (6 damage)
             ... on level 3 of the Dungeon.
             The game lasted 00:00:08 (2001 turns).

qw the Skirmisher (Deep Elf Hunter)                 Turns: 2001, Time: 00:00:08

Health: -1/29      AC:  6    Str: 10    XL:     5   Next: 17%
Magic:  7/7        EV: 11    Int: 14    God:
Gold:   145        SH:  0    Dex: 18    Spells: 4/4 levels left

rFire   . . .        a - +0 shortbow
rCold   . . .        (shield currently unavailable)
rNeg    . . .        d - +0 ring mail
rPois   .            (no helmet)
rElec   .            (no cloak)
rCorr   .            b - +0 pair of gloves
SInv    .            (no boots)
Will    .....        (no amulet)
Stlth   +            (no ring)
HPRegen 0.24/turn    (no ring)
MPRegen 0.10/turn

%: no passive effects
@: no status effects
A: no striking features
a: no special abilities


You were on level 3 of the Dungeon.
You visited 1 branch of the dungeon, and saw 3 of its levels.

You collected 145 gold pieces.


   Skills:
 - Level 1.5 Fighting
 + Level 8.6 Ranged Weapons
 - Level 2.4 Dodging
 - Level 1.2 Stealth


You had 4 spell levels left.
You didn't know any spells.
Your spell library was empty.

Inventory:

Hand Weapons
 a - a +0 shortbow (weapon)
Armour
 b - a +0 pair of gloves (worn)
 d - a +0 ring mail (worn)
Potions
 h - a potion of mutation
 l - a potion of brilliance {unknown}
 m - a potion of haste {unknown}

Dungeon Overview and Level Annotations

Branches:
Dungeon (3/15)

Altars:

Shops:
D:1 =


Message History

The arrow hits the orc priest but does no damage.
The orc priest is moderately wounded.
The frilled lizard bites you but does no damage.
The orc priest hits you with a +0 flail.
The orc wizard gestures wildly while chanting.
The orc wizard flickers and vanishes!
Deactivating autopickup; reactivate with Ctrl-A.
You shoot an arrow. The arrow hits the orc priest.
The orc priest is heavily wounded.
A rat comes into view.
The frilled lizard bites you but does no damage.
The orc priest misses you.
You shoot an arrow. The arrow barely misses the orc priest.
The rat squeaks loudly.
The frilled lizard completely misses you.
The orc priest looks encouraged for a moment.
The orc priest closely misses you. The frilled lizard closely misses you.
You shoot an arrow.
The arrow hits the orc priest but does no damage.
The orc priest is heavily wounded.
The orc priest hits you with a +0 flail.
The frilled lizard bites you but does no damage.
You shoot an arrow.
The arrow hits the orc priest but does no damage.
The orc priest is heavily wounded.
The orc priest hits you with a +0 flail.
The frilled lizard bites you.
You shoot an arrow. The arrow hits the orc priest.
The orc priest is severely wounded.
The orc priest barely misses you. The frilled lizard bites you.
You shoot an arrow.
The arrow closely misses the orc priest.
The frilled lizard closely misses you.
The orc priest looks encouraged for a moment.
You shoot an arrow.
The arrow closely misses the orc priest.
The frilled lizard bites you but does no damage.
The orc priest barely misses you.
The orc priest hits you with a +0 flail.
You die...

########..#.#....#.#...
#........#..#..#..#...
#........#...##(..#...
#........#... ..#...
#........#.. .#...
#........# #... #
######...# #..#
....#####.## ##.#
.....{o@..# #..#
#..#.rl##.# ##.# #..o
#.# ##..# #... #..
#...# #... .... #....
#... #..## ##..# ....
.... #.... ..... ...
......# .....#..


You could see an orc priest, an orc, a frilled lizard and a rat.

Vanquished Creatures
  An orc priest (D:3)
  8 adders
  4 dart slugs
  An orc (D:3)
  5 endoplasms
  2 giant cockroaches
  2 goblins
  3 hobgoblins
  5 kobolds
  A quokka (D:2)
  8 ball pythons
  3 bats (D:1)
  3 frilled lizards
  6 rats
52 creatures vanquished.

Notes
Turn   | Place    | Note
-------+----------+-------------------------------------------
     0 | D:1      | qw the Deep Elf Hunter began the quest for the Orb.
     0 | D:1      | Reached XP level 1. HP: 12/12 MP: 3/3
     0 | D:1      | 0 ||| qw: Version: 0.3-a-155-g5e7d8dd
     0 | D:1      | 0 ||| qw: Game counter: 2963
     0 | D:1      | 0 ||| qw: Melee chars always use a shield: true
     0 | D:1      | 0 ||| qw: God list: Okawaru
     0 | D:1      | 0 ||| qw: Allow faded altars: false
     0 | D:1      | 0 ||| qw: Do Orc after clearing Dungeon:15 true
     0 | D:1      | 0 ||| qw: Do second Lair branch before Depths: true
     0 | D:1      | 0 ||| qw: Lair rune preference: random
     0 | D:1      | 0 ||| qw: Goals: Normal
     0 | D:1      | 0 ||| PLANNING D:1-11
   119 | D:1      | Reached XP level 2. HP: 16/16 MP: 4/4
   128 | D:1      | Reached skill level 6 in Ranged Weapons
   271 | D:1      | Found Okugedam's Jewellery Shoppe.
   312 | D:1      | 312 ||| SHOPLISTING +4 ring of protection (396 gold, have
                  | 31).
   312 | D:1      | 312 ||| SHOPLISTING +6 ring of strength (396 gold, have
                  | 31).
   312 | D:1      | 312 ||| SHOPLISTING amulet of Hiufroun {Acrobat ^Contam rC+
                  | rCorr} (484 gold, have 31).
   312 | D:1      | 312 ||| SHOPLISTING ring of ice (275 gold, have 31).
   312 | D:1      | 312 ||| SHOPLISTING ring of protection from fire (275 gold,
                  | have 31).
   312 | D:1      | 312 ||| SHOPLISTING ring of resist corrosion (220 gold,
                  | have 31).
   692 | D:1      | 692 ||| UPGRADING to +0 scale mail.
   702 | D:1      | 702 ||| DROPPING +0 leather armour.
   703 | D:1      | 703 ||| READING scroll labelled REG HIOGIL.
   708 | D:1      | 708 ||| READING scroll labelled JOTONAVI IDUL.
   708 | D:1      | 708 ||| IDENTIFYING fizzy grey potion
   709 | D:1      | 709 ||| READING scroll labelled ECKINA UMNIS.
   810 | D:1      | 810 ||| DROPPING scroll of butterflies.
   822 | D:2      | 822 ||| STAIRDANCE
   828 | D:2      | 828 ||| STAIRDANCE
   837 | D:2      | Reached XP level 3. HP: 15/20 MP: 5/5
  1050 | D:2      | Reached skill level 7 in Ranged Weapons
  1123 | D:2      | Reached XP level 4. HP: 24/25 MP: 6/6
  1374 | D:2      | Found a faded altar of an unknown god.
  1375 | D:2      | Noticed a shining eye
  1378 | D:2      | Noticed a golden eye
  1378 | D:2      | Noticed an eye of devastation
  1378 | D:2      | Noticed an eye of devastation
  1686 | D:2      | 1686 ||| UPGRADING to +0 pair of gloves.
  1691 | D:2      | 1691 ||| UPGRADING to +0 ring mail.
  1701 | D:2      | 1701 ||| DROPPING +0 scale mail.
  1702 | D:2      | 1702 ||| DROPPING ring of wizardry.
  1703 | D:2      | 1703 ||| READING scroll of identify.
  1703 | D:2      | 1703 ||| IDENTIFYING fuming amethyst potion
  1704 | D:2      | 1704 ||| READING scroll labelled DAINIDUEKI.
  1705 | D:2      | 1705 ||| READING scroll labelled FIRECZ KUWE.
  1706 | D:2      | 1706 ||| READING 3 scrolls labelled WADUOXEVVU.
  1707 | D:2      | 1707 ||| READING 2 scrolls labelled ZYXTAPH WECUF.
  1708 | D:2      | 1708 ||| DROPPING 2 scrolls of poison.
  1709 | D:2      | 1709 ||| DROPPING potion of lignification.
  1710 | D:2      | 1710 ||| DROPPING scroll of fog.
  1712 | D:2      | 1712 ||| Stepping ~*~*~tactically~*~*~ (cloud).
  1719 | D:2      | HP: 6/25 [poisoned by you (poison gas)]
  1904 | D:3      | Reached skill level 8 in Ranged Weapons
  1992 | D:3      | Reached XP level 5. HP: 21/29 MP: 7/7
  1998 | D:3      | HP: 7/29 [frilled lizard (3)]
  2001 | D:3      | Slain by an orc priest

Levels and vault maps discovered:
D:1:      psy_arrival_whirlpool, layout_loops_cross, serial_shops, shop
D:2:      cheibrodos_helix_gallery, layout_loops_ring,
          hellmonk_ecumenical_altar_watching_god, minmay_snake_closets
D:3:      layout_basic, supply_closet_lemuel, hangedman_decor_lopped,
          grunt_ministairs_12, minmay_misc_feat_ornament, nicolae_half_adder

Skill      XL: |  1  2  3  4 |
---------------+-------------+-----
Ranged Weapons | 6 7 8 |  8.6
Fighting       | |  1.5
Dodging        | |  2.4
Stealth        | |  1.2

Action                     |  1- 3 |  4- 6 || total
---------------------------+-------+-------++-------
   Fire: Shortbow          |    94 |    88 ||   182
    Use: Scroll            |     3 |     5 ||     8
 Armour: Leather armour    |    12 |       ||    12
         Scale mail        |    31 |     8 ||    39
         Ring mail         |       |    17 ||    17
  Dodge: Dodged            |    26 |    22 ||    48

Table legend:
 A = Non-vault XP
 B = Vault XP
 C = Vault XP percentage of total XP
 D = Non-vault monster count
 E = Vault monster count
 F = Vault count percentage of total count
                 A         B        C        D         E       F
            +---------+---------+-------+---------+---------+-------
      Total |     117 |     111 |  48.7 |      36 |      16 |  30.8
            +---------+---------+-------+---------+---------+-------
        D:1 |      40 |       0 |   0.0 |      21 |       0 |   0.0
        D:2 |      23 |      80 |  77.7 |      13 |      12 |  48.0
        D:3 |      54 |      31 |  36.5 |       2 |       4 |  66.7
            +---------+---------+-------+---------+---------+-------
